 Dungeon Crawl Stone Soup version 0.18.1-8-gdd0e5ea (webtiles) character file.

5015 Quirk the Fighter (level 10, -5/100 HPs)
             Began as a Minotaur Fighter on May 24, 2016.
             Slain by a queen bee (10 damage)
             ... on level 9 of the Dungeon on May 25, 2016.
             The game lasted 00:21:14 (9324 turns).

Quirk the Fighter (Minotaur Fighter)                Turns: 9324, Time: 00:21:15

Health: -5/100     AC:  8    Str: 22    XL:     10   Next: 30%
Magic:  9/9        EV: 21    Int:  5    God:
Gold:   666        SH: 12    Dex: 17    Spells: 4 memorised, 4 levels left

rFire  . . .     SeeInvis .     a - +0 war axe
rCold  . . .     Gourm    .     s - +3 leather armour
rNeg   . . .     Faith    .     c - +0 shield
rPois  .         Spirit   .     (helmet restricted)
rElec  .         Dismiss  .     k - +0 cloak
rCorr  .         Reflect  .     (no gloves)
SustAt +         Harm     .     (no boots)
MR     .....                    B - amulet of magic regeneration
Stlth  ++........               (no ring)
                                z - ring of sustain attributes

@: agile, lethally poisoned (-5 -> -19), flying, very slightly contaminated,
invisible, not resistant to hostile enchantments, unstealthy
A: retaliatory headbutt, horns 2, robust 1
a: no special abilities


You were on level 9 of the Dungeon.
You were near starving.

You visited 2 branches of the dungeon, and saw 10 of its levels.

You collected 666 gold pieces.

Inventory:

Hand Weapons
 a - a +0 war axe (weapon)
Missiles
 G - 8 exploding tomahawks (quivered)
Armour
 b - a +0 scale mail
 c - a +0 shield (worn)
 k - a +0 cloak (worn)
 s - a +3 leather armour (worn)
 J - a +0 ring mail of poison resistance
Jewellery
 y - an uncursed ring of poison resistance {unknown}
 z - a ring of sustain attributes (left hand)
 B - an amulet of magic regeneration (around neck)
Wands
 r - a wand of paralysis (9/24)
 v - a wand of digging (9/24)
 C - a wand of teleportation (4/9)
 L - a wand of hasting (4/9)
Scrolls
 e - 2 scrolls of immolation
 g - 3 scrolls of teleportation
 j - 11 scrolls of identify
 l - 8 scrolls of remove curse {unknown}
 o - 2 scrolls of amnesia {unknown}
 p - a scroll of random uselessness {unknown}
 u - a scroll of noise {unknown}
 w - a scroll of blinking {unknown}
 E - a scroll of enchant armour {unknown}
 F - a scroll of fear {unknown}
 K - 2 scrolls of silence {unknown}
 M - 2 scrolls of recharging {unknown}
Potions
 d - 2 potions of might
 h - 2 potions of curing {unknown}
 i - a potion of cure mutation
 n - a potion of lignification
 t - 2 potions of heal wounds
 A - a potion of agility
Books
 N - a book of Party Tricks

   Spells                             Type                      Level
   a - Summon Butterflies             Summoning                    1
   b - Apportation                    Translocation                1
   c - Tukima's Dance                 Hexes                        3
   d - Alistair's Intoxication        Transmutation/Poison         5
   e - Invisibility                   Hexes                        6
Comestibles
 f - 8 bread rations
 m - 4 meat rations
 q - 3 beef jerkies
 H - 2 slices of pizza
 I - a royal jelly


   Skills:
 + Level 9.1 Fighting
 + Level 8.7 Axes
 + Level 8.7 Armour
 + Level 7.5 Dodging
 + Level 8.8 Shields


You had 4 spell levels left.
You knew the following spells:

 Your Spells              Type           Power        Failure   Level  Hunger
a - Summon Butterflies    Summ           #.......     96%         1    ##.....
b - Apportation           Tloc           #.........   96%         1    ##.....
c - Sandblast             Erth           #.....       96%         1    ##.....
d - Passwall              Trmt/Erth      #.........   99%         2    ###....


Dungeon Overview and Level Annotations

Branches:
Dungeon (9/15)             Temple (1/1) D:4
   Lair: D:8-11         Orc: D:9-12

Altars:
Ashenzari
Cheibriados
Dithmenos
Elyvilon
Fedhas
Gozag
Kikubaaqudgha
Makhleb
Nemelex Xobeh
Okawaru
Pakellas
Qazlal
Ru
Sif Muna
Trog
Vehumet
Xom
Yredelemnul
Zin
The Shining One

Shops:
D:4 !


Innate Abilities, Weirdness & Mutations

You reflexively headbutt those who attack you in melee.
You have a pair of horns on your head.
You are robust (+10% HP).


Message History

You feel sick.
Drink which item? (? for menu, Esc to quit)
It was a potion of invisibility.
You fade into invisibility!
* * * LOW HITPOINT WARNING * * *
You feel sick. You block the killer bee's attack.
The queen bee calls on the killer bee to defend it!
The killer bee goes berserk!
The killer bee misses you. You furiously retaliate!
You headbutt the killer bee.
You hear an angry buzzing noise.
You are very lightly contaminated with residual magic.
Drink which item? (? for menu, Esc to quit)
It was a potion of flight.
You feel very buoyant.
You fly up into the air.
* * * LOW HITPOINT WARNING * * *
You feel sick. The killer bee misses you. You furiously retaliate!
You headbutt the killer bee, but do no damage.
You block the killer bee's attack. The queen bee stings you!
You die...

#........#
##'#######
#...## ###..#
###.### #
#.....# #
#.....##### #
#.........## .
#.....#@y..# .
#.....#y##...+
# #...###y#
### # #...#


yy# # ###.# yy# #.#yyy# ###yyy# #%%y# You could see a queen bee and 13 killer
bees.

Vanquished Creatures
  The ghost of crossborder the Ruffian, a novice GrMo of Ru (D:8)
  The ghost of Quirk the Covered, a novice GrFi (D:4)
  Sigmund (D:4)
  The ghost of Azathoth19 the Sneak, an amateur FeCK of Xom (D:5)
  A hungry ghost (D:9)
  Edmund (D:4)
  A water moccasin (D:5)
  Duvessa (D:4)
  An orc warrior (D:9)
  A wasp (D:5)
  An ice beast (D:6)
  7 ogres
  A sky beast (D:6)
  A necrophage (D:9)
  2 centaurs (D:5)
  9 giant frogs
  Dowan (D:4)
  A scorpion (D:8)
  A wyvern skeleton (D:7)
  2 killer bees (D:9)
  4 howler monkeys
  3 crimson imps
  A wasp zombie (D:7)
  2 orc priests
  2 hounds
  A jelly (D:8)
  9 orc wizards
  A giant frog skeleton (D:7)
  4 iguanas
  Jessica (D:3)
  13 worker ants
  7 gnolls
  A howler monkey zombie (D:9)
  2 howler monkey skeletons
  15 adders
  A shadow imp (D:7)
  An ooze (D:2)
  3 adder skeletons
  2 worms
  3 dart slugs
  7 giant geckos
  19 orcs
  11 bats
  3 giant cockroaches
  11 goblins
  10 hobgoblins
  8 jackals
  5 kobolds
  4 quokkas
  A giant gecko skeleton (D:5)
  4 giant newts
  A jackal zombie (D:6)
  2 quokka skeletons
  8 rats
206 creatures vanquished.

Notes
Turn   | Place    | Note
--------------------------------------------------------------
     0 | D:1      | Quirk the Minotaur Fighter began the quest for the Orb.
     0 | D:1      | Reached XP level 1. HP: 19/19 MP: 0/0
    96 | D:1      | Reached XP level 2. HP: 26/27 MP: 1/1
   313 | D:1      | Reached skill level 1 in Dodging
   510 | D:1      | Reached XP level 3. HP: 32/33 MP: 2/2
   979 | D:2      | Found an ancient bone altar of Kikubaaqudgha.
   980 | D:2      | Found a blossoming altar of Fedhas.
   987 | D:2      | Reached skill level 4 in Fighting
  1297 | D:2      | Found a faded altar to an unknown god.
  1309 | D:2      | Reached XP level 4. HP: 40/40 MP: 3/3
  1474 | D:2      | Found a shadowy altar of Dithmenos.
  1947 | D:3      | Reached XP level 5. HP: 41/47 MP: 4/4
  2204 | D:3      | Noticed Jessica
  2216 | D:3      | Killed Jessica
  2479 | D:4      | Reached skill level 5 in Fighting
  2484 | D:4      | Found a staircase to the Ecumenical Temple.
  2488 | D:4      | Reached XP level 6. HP: 56/56 MP: 5/5
  2531 | Temple   | Entered the Ecumenical Temple
  2744 | D:4      | Found Viphun's Distillery.
  2747 | D:4      | Noticed Sigmund
  2757 | D:4      | Noticed Quirk's ghost (novice GrFi)
  2761 | D:4      | Killed Sigmund
  2761 | D:4      | Reached skill level 5 in Shields
  3095 | D:4      | Killed Quirk's ghost
  3095 | D:4      | Reached skill level 6 in Fighting
  3095 | D:4      | Reached skill level 5 in Axes
  3095 | D:4      | Reached skill level 5 in Armour
  3095 | D:4      | Reached XP level 7. HP: 6/63 MP: 6/6
  3425 | D:4      | Noticed Edmund
  3434 | D:4      | Killed Edmund
  3502 | D:4      | Noticed Duvessa
  3504 | D:4      | Noticed Dowan
  3515 | D:4      | Killed Duvessa
  3517 | D:4      | Reached XP level 8. HP: 17/71 MP: 7/7
  3520 | D:4      | Killed Dowan
  3600 | D:4      | Found a radiant altar of Vehumet.
  3860 | D:5      | Entered Level 5 of the Dungeon
  3898 | D:5      | Noticed Azathoth19's ghost (amateur FeCK)
  3906 | D:5      | Gained mutation: You are robust (+10% HP). [potion of beneficial mutation]
  3917 | D:5      | HP: 3/117 [Azathoth19's ghost (10)]
  3930 | D:5      | Killed Azathoth19's ghost
  3930 | D:5      | Reached skill level 5 in Dodging
  4294 | D:5      | Reached skill level 7 in Fighting
  4688 | D:5      | Reached XP level 9. HP: 83/86 MP: 8/8
  5568 | D:6      | Found an iron altar of Okawaru.
  5575 | D:6      | Found a white marble altar of Elyvilon.
  5576 | D:6      | Found a snail-covered altar of Cheibriados.
  5578 | D:6      | Found a glowing golden altar of the Shining One.
  5581 | D:6      | Found a deep blue altar of Sif Muna.
  6502 | D:7      | Reached skill level 8 in Fighting
  8113 | D:8      | Noticed crossborder's ghost (novice GrMo)
  8138 | D:8      | Killed crossborder's ghost
  8138 | D:8      | Reached XP level 10. HP: 56/99 MP: 9/9
  8754 | D:9      | Learned a level 1 spell: Summon Butterflies
  8756 | D:9      | Learned a level 1 spell: Apportation
  8758 | D:9      | Learned a level 1 spell: Sandblast
  8762 | D:9      | Learned a level 2 spell: Passwall
  9143 | D:9      | Reached skill level 9 in Fighting
  9324 | D:9      | HP: 5/100 [poisoned by a killer bee]
  9324 | D:9      | Slain by a queen bee

Skill      XL: |  1  2  3  4  5  6  7  8  9 10 |
---------------+-------------------------------+-----
Axes           | 3 4 5 6 8 |  8.7
Dodging        | 1 2 3 4 5 7 |  7.5
Fighting       | 4 5 6 7 8 9 |  9.1
Shields        | 4 5 7 8 |  8.8
Armour         | 4 5 7 8 |  8.7

Action                   |  1- 3 |  4- 6 |  7- 9 | 10-12 || total
-------------------------+-------+-------+-------+-------++-------
Melee: War axe           |   132 |   141 |   348 |    92 ||   713
       Headbutt          |     9 |    24 |    68 |    17 ||   118
  Use: Scroll            |       |     1 |     2 |       ||     3
       Potion            |       |       |     7 |     3 ||    10
  Eat: Chunk             |     1 |     4 |    18 |     3 ||    26
       Pizza             |       |     1 |       |       ||     1
Armor: Scale mail        |   111 |    49 |    95 |       ||   255
       Skin              |       |       |     7 |       ||     7
       Leather armour    |       |       |     4 |    16 ||    20
Dodge: Dodged            |    51 |    45 |   131 |    51 ||   278
Block: Shield            |    94 |    64 |   206 |    68 ||   432
